 Dungeon Crawl Stone Soup version 0.31-a0-1074-g0b22e4e0f1 (webtiles) character file.

Game seed: 6358186547926457627

35821 Rennog the Grappler (level 13, -2/90 HPs)
             Began as a Gnoll Shapeshifter on Dec 8, 2023.
             Was a High Priest of Hepliaklqana.
             Slain by a demonic crawler (11 damage)
             ... on level 1 of the Lair of Beasts.
             The game lasted 00:28:29 (14688 turns).

Rennog the Grappler (Gnoll Shapeshifter)           Turns: 14688, Time: 00:28:32

Health: -2/90      AC: 19    Str: 19    XL:     13   Next: 86%
Magic:  25/25      EV:  9    Int: 15    God:    Hepliaklqana [*****.]
Gold:   671        SH:  5    Dex: 12    Spells: 29/29 levels left

rFire   . . .        h - +8 frozen axe "Frostbite" {freeze, freezing cloud, *Noise Fly rC+}
rCold   + . .        (shield currently unavailable)
rNeg    . . .        F - +0 plate armour
rPois   +            f - +0 helmet
rElec   .            C - +0 cloak
rCorr   .            j - +0 pair of gloves
SInv    .            O - +0 pair of boots
Will    .....        Y - amulet of reflection Stlth
                     R - ring of poison resistance
HPRegen 0.35/turn    T - ring of Oguomn {+Blink Int+6 Slay+2}
MPRegen 0.19/turn

%: reflection
@: on blink cooldown, flying
A: reduced essence, fangs 1, strong nose, distributed training
a: Renounce Religion, Evoke Blink, Recall Ancestor, Ancestor Identity,
Transference, Idealise


You were on level 1 of the Lair of Beasts.
You worshipped Hepliaklqana.
Hepliaklqana was extremely pleased with you.
You visited 2 branches of the dungeon, and saw 13 of its levels.
You also visited: Bailey.

You collected 775 gold pieces.
You spent 104 gold pieces at shops.

Inventory:

Hand Weapons
 h - the +8 frozen axe "Frostbite" (weapon) {freeze, freezing cloud, *Noise Fly rC+}
   (You found it in a bailey)

   rC+:       It protects you from cold.
   Fly:       It grants you flight.
   *Noise:    It may make a loud noise when swung.
 P - the +8 mace "Lashits" {holy, rC++ Will+ Int+2}
   (You found it on level 9 of the Dungeon)

   Int+2:     It affects your intelligence (+2).
   rC++:      It greatly protects you from cold.
   Will+:     It increases your willpower.
Missiles
 g - 25 javelins
 V - a throwing net
Armour
 f - a +0 helmet (worn)
 j - a +0 pair of gloves (worn)
 C - a +0 cloak (worn)
 F - a +0 plate armour (worn)
 O - a +0 pair of boots (worn)
Jewellery
 l - a ring of see invisible
 o - a +4 ring of protection
 p - a ring of flight
 Q - an amulet of regeneration
 R - a ring of poison resistance (left hand)
 T - the ring of Oguomn (right hand) {+Blink Int+6 Slay+2}
   (You took it off an orc on level 7 of the Dungeon)

   [ring of intelligence]

   Int+6:     It affects your intelligence (+6).
   Slay+2:    It affects your accuracy & damage with ranged weapons and melee
   (+2).
   +Blink:    It lets you blink.
 W - a ring of protection from cold
 Y - an amulet of reflection (around neck)
 Z - a ring of fire
Talismans
 c - a beast talisman
 d - a flux talisman
 K - a blade talisman
Wands
 m - a wand of charming (10)
 A - a wand of flame (12)
 I - a wand of digging (17)
 J - a wand of roots (7)
 N - a wand of polymorph (7)
 X - a wand of acid (7)
Scrolls
 a - a scroll of brand weapon {unknown}
 e - a scroll of fog
 r - 2 scrolls of revelation
 s - 7 scrolls of teleportation {unknown}
 t - 2 scrolls of enchant armour {unknown}
 v - 2 scrolls of torment
 w - 3 scrolls of enchant weapon {unknown}
 x - 3 scrolls of amnesia {unknown}
 y - 2 scrolls of butterflies {unknown}
 D - 5 scrolls of poison
 E - a scroll of vulnerability {unknown}
 H - 2 scrolls of fear {unknown}
 M - a scroll of noise {unknown}
Potions
 b - 3 potions of lignification
 i - 4 potions of curing
 k - 3 potions of might {unknown}
 n - a potion of enlightenment {unknown}
 q - a potion of mutation {unknown}
 u - a potion of degeneration {unknown}
 z - a potion of invisibility {unknown}
 B - a potion of berserk rage {unknown}
 G - 2 potions of ambrosia {unknown}
 L - 2 potions of attraction {unknown}
 S - a potion of brilliance {unknown}


   Skills:
 + Level 9.2 Fighting
 + Level 8.8 Short Blades
 + Level 8.8 Long Blades
 + Level 8.8 Axes
 + Level 8.8 Maces & Flails
 + Level 8.8 Polearms
 + Level 8.8 Staves
 + Level 8.8 Ranged Weapons
 + Level 8.8 Throwing
 + Level 8.8 Armour
 + Level 9.9 Dodging
 + Level 8.8 Stealth
 + Level 8.8 Shields
 + Level 10.9 Unarmed Combat
 + Level 8.8 Spellcasting
 + Level 7.3 Conjurations
 + Level 7.3 Hexes
 + Level 7.3 Summonings
 + Level 7.3 Necromancy
 + Level 7.3 Translocations
 + Level 7.3 Transmutations
 + Level 7.3 Fire Magic
 + Level 7.3 Ice Magic
 + Level 7.3 Air Magic
 + Level 7.3 Earth Magic
 + Level 7.3 Poison Magic
 + Level 9.6 Invocations
 + Level 8.8 Evocations
 + Level 10.4 Shapeshifting


You had 29 spell levels left.
You didn't know any spells.
Your spell library contained the following spells:

 Spells                   Type           Power      Damage    Failure   Level
 Ensorcelled Hibernation  Hex/Ice        56%        N/A       17%         2
 Jinxbite                 Hex            56%        N/A       17%         2
 Lesser Beckoning         Tloc           56%        N/A       17%         2
 Sublimation of Blood     Necr           28%        N/A       17%         2
 Wereblood                Tmut           28%        N/A       17%         2
 Gell's Gravitas          Tloc           28%        N/A       34%         3
 Hailstorm                Conj/Ice       28%        3d8       34%         3
 Teleport Other           Tloc           28%        N/A       34%         3
 Anguish                  Hex/Necr       14%        N/A       75%         4
 Petrify                  Tmut/Erth      28%        N/A       75%         4
 Summon Ice Beast         Ice/Summ       28%        N/A       75%         4
 Irradiate                Conj/Tmut      14%        3d16      97%         5
 Summon Forest            Summ/Tloc      14%        N/A       97%         5
 Summon Mana Viper        Hex/Summ       28%        N/A       97%         5
 Simulacrum               Ice/Necr       14%        N/A       100%        6
 Summon Cactus Giant      Summ           14%        N/A       100%        6
 Summon Hydra             Summ           14%        N/A       100%        7


Dungeon Overview and Level Annotations

Branches:
Dungeon (11/15)            Temple (0/1) D:5            Lair (2/5) D:11
 Spider (0/4) Lair:2          Orc (0/2) D:9          Bailey (visited)
  Swamp: Lair:2-3    Shoals: Lair:2-3

Altars:
Ashenzari
Elyvilon
Hepliaklqana
Nemelex Xobeh
Sif Muna
Wu Jian
Yredelemnul

Shops:
D:2 :   D:4 !   D:6 (   D:7 (


Innate Abilities, Weirdness & Mutations

Your life essence is reduced to manifest your ancestor. (-10% HP)
You have very sharp teeth.
Your uncanny sense of smell can sniff out nearby items.
Your experience applies equally to all skills.


Message History

The demonic crawler attacks as it pursues you!
The demonic crawler hits you but does no damage.
The demonic crawler hits you.
* * * LOW HITPOINT WARNING * * *
The demonic crawler hits you but does no damage.
You feel sick.
The demonic crawler attacks as it pursues you!
The demonic crawler hits you but does no damage.
The demonic crawler hits you.
* * * LOW HITPOINT WARNING * * *
The demonic crawler hits you but does no damage.
You feel sick.
The demonic crawler attacks as it pursues you!
The demonic crawler barely misses you. x2
The demonic crawler hits you but does no damage.
There is a stone staircase leading up here.
You feel sick.
You are no longer poisoned.
You block the demonic crawler's attack.
The demonic crawler hits you but does no damage.
The demonic crawler barely misses you.
The demonic crawler hits you but does no damage.
The demonic crawler hits you!
* * * LOW HITPOINT WARNING * * *
The demonic crawler barely misses you.
You fly upwards.
There is a stone staircase leading down here.
You feel much better. The demonic crawler hits you!
* * * LOW HITPOINT WARNING * * *
The demonic crawler hits you.
* * * LOW HITPOINT WARNING * * *
The demonic crawler barely misses you.
You blink.
You feel better.
The demonic crawler hits you but does no damage.
The demonic crawler hits you!
* * * LOW HITPOINT WARNING * * *
The demonic crawler hits you but does no damage. x2
The demonic crawler barely misses you. The demonic crawler hits you!
You die...

### #######
##.############.##..###
#.......)..............
#.##.#.#######P.##.####
#.####..# ##.#### #.#
#[## #.# #.# ##|.#
##.####### #.# #.@##
#P........ #.# ##s#####
##.##.####
#.###...##.####.####
#.....ยง.........#
#.####.###P####.# #.#
### ### #.# #.# #.#
#.##### ### ##.# ####
#.##..####.###..####.##


You could see a demonic crawler.

Vanquished Creatures
  Harold (D:11)
  Erica (Lair:1)
  A hydra (Lair:2)
  A boulder beetle (D:11)
  Sonja (D:11)
  Urug (Lair:2)
  Pikel (D:4)
  2 cyclopes
  A manticore (D:7)
  A black mamba (Lair:2)
  2 elephants (Lair:2)
  A gargoyle (D:10)
  6 cane toads
  Jeremiah (D:7)
  2 komodo dragons (Lair:1)
  A polar bear (Lair:1)
  A dream sheep (Lair:2)
  34 yaks
  3 shadows
  2 wraiths
  Eustachio (D:4)
  A wyvern (D:8)
  3 steam dragons (D:9)
  Edmund (D:4)
  6 water moccasins
  An acid dragon (D:8)
  13 orc warriors
  4 ice beasts
  3 black bears (D:6)
  An ogre (D:5)
  2 sky beasts (D:7)
  16 centaurs
  6 wolves (Lair:1)
  5 phantoms
  4 lemures (D:4)
  3 kobold brigands
  12 bullfrogs
  A gnoll sergeant (D:7)
  3 scorpions
  6 wights
  5 killer bees (D:7)
  4 howler monkeys
  5 hounds
  3 jellies
  7 orc priests
  2 gnoll boudas
  A sleepcap (D:4)
  2 iguanas
  Natasha (D:3)
  8 orc wizards
  Robin (D:3)
  15 gnolls
  5 adders
  A white imp (D:5)
  2 worms
  A dart slug (D:3)
  37 orcs
  4 endoplasms
  4 giant cockroaches
  11 hobgoblins
  2 jackals (D:1)
  12 kobolds
  7 quokkas
  4 ball pythons
  2 bats (D:3)
  2 frilled lizards
  11 goblins
  3 rats
318 creatures vanquished.

Vanquished Creatures (collateral kills)
  A two-headed ogre (D:9)
  An ugly thing (D:7)
  A cyclops (D:7)
  2 elephants (Lair:2)
  3 cane toads
  A kobold demonologist (D:7)
  3 dream sheep (Lair:2)
  4 yaks
  2 steam dragons
  An ice beast (D:7)
  5 orc warriors
  2 sky beasts
  3 wolves (Lair:1)
  3 centaurs
  A scorpion (Lair:2)
  A killer bee (D:7)
  A howler monkey (D:7)
  A jelly (D:5)
  2 hounds (D:7)
  A gnoll bouda (D:6)
  An orc priest (D:10)
  A sleepcap (D:7)
  An orc wizard (D:10)
  2 gnolls (D:6)
  15 orcs
  A kobold (D:8)
60 creatures vanquished.

Vanquished Creatures (others)
  2 yaks (D:8)
  An orc priest (D:9)
  9 hexers
  An ancestor (D:5)
  An orc (Bailey)
14 creatures vanquished.

Grand Total: 392 creatures vanquished

Notes
Turn   | Place    | Note
-------+----------+-------------------------------------------
     0 | D:1      | Rennog the Gnoll Shapeshifter began the quest for the Orb.
     0 | D:1      | Reached XP level 1. HP: 17/17 MP: 1/1
   271 | D:1      | Reached XP level 2. HP: 17/23 MP: 2/2
   802 | D:2      | Found Jeixoj's Book Shop.
   914 | D:2      | Reached XP level 3. HP: 22/28 MP: 2/4
  1004 | D:2      | Reached skill level 1 in Invocations
  1118 | D:2      | Reached skill level 1 in Short Blades
  1118 | D:2      | Reached skill level 1 in Long Blades
  1118 | D:2      | Reached skill level 1 in Axes
  1118 | D:2      | Reached skill level 1 in Maces & Flails
  1118 | D:2      | Reached skill level 1 in Polearms
  1118 | D:2      | Reached skill level 1 in Staves
  1118 | D:2      | Reached skill level 1 in Ranged Weapons
  1118 | D:2      | Reached skill level 1 in Throwing
  1118 | D:2      | Reached skill level 1 in Armour
  1118 | D:2      | Reached skill level 1 in Stealth
  1118 | D:2      | Reached skill level 1 in Shields
  1118 | D:2      | Reached skill level 1 in Spellcasting
  1118 | D:2      | Reached skill level 1 in Evocations
  1303 | D:2      | Reached XP level 4. HP: 32/34 MP: 5/5
  1753 | D:2      | Reached skill level 1 in Conjurations
  1753 | D:2      | Reached skill level 1 in Hexes
  1753 | D:2      | Reached skill level 1 in Summonings
  1753 | D:2      | Reached skill level 1 in Necromancy
  1753 | D:2      | Reached skill level 1 in Translocations
  1753 | D:2      | Reached skill level 1 in Transmutations
  1753 | D:2      | Reached skill level 1 in Fire Magic
  1753 | D:2      | Reached skill level 1 in Ice Magic
  1753 | D:2      | Reached skill level 1 in Air Magic
  1753 | D:2      | Reached skill level 1 in Earth Magic
  1753 | D:2      | Reached skill level 1 in Poison Magic
  2097 | D:3      | You fall into a shaft and drop 1 floor!
  2120 | D:5      | Entered Level 5 of the Dungeon
  2131 | D:5      | Noticed an ice beast
  2166 | D:5      | Noticed a phantom
  2183 | D:5      | Killed an ice beast
  2184 | D:5      | Reached XP level 5. HP: 41/41 MP: 5/7
  2187 | D:5      | Killed a phantom
  2188 | D:5      | Reached skill level 5 in Dodging
  2188 | D:5      | Reached XP level 6. HP: 47/47 MP: 5/8
  2296 | D:4      | Noticed Edmund
  2310 | D:4      | Killed Edmund
  2406 | D:4      | Reached XP level 7. HP: 51/52 MP: 10/10
  2407 | D:4      | Noticed Eustachio
  2588 | D:4      | Killed Eustachio
  2829 | D:4      | Noticed Pikel
  2841 | D:4      | Killed Pikel
  2842 | D:4      | Reached XP level 8. HP: 46/60 MP: 10/12
  3479 | D:4      | Found Ihetopsa's Distillery.
  3484 | D:4      | Bought a potion of heal wounds for 65 gold pieces
  3484 | D:4      | Bought a potion of curing for 39 gold pieces
  3567 | D:3      | Noticed Robin
  3574 | D:3      | Noticed Natasha
  3583 | D:3      | Killed Robin
  3601 | D:3      | Killed Natasha
  3896 | D:3      | Found a faded altar of an unknown god.
  3916 | D:3      | Prayed at the altar of an unknown god.
  3916 | D:3      | Became a worshipper of Hepliaklqana the Forgotten
  3916 | D:3      | Reached * piety under Hepliaklqana
  4265 | D:5      | Reached XP level 9. HP: 55/59 MP: 14/14
  4281 | D:5      | Found a staircase to the Ecumenical Temple.
  4685 | D:5      | Reached ** piety under Hepliaklqana
  4686 | D:5      | Remembered your ancestor Cyneburga as a hexer
  4694 | D:5      | Found a shimmering blue altar of Sif Muna.
  4951 | D:6      | Reached skill level 5 in Fighting
  5051 | D:6      | Found Doxu's Weapon Shop.
  5333 | D:6      | Found a basalt altar of Yredelemnul.
  5610 | D:6      | Reached skill level 5 in Invocations
  5971 | D:7      | Noticed Jeremiah
  5987 | D:7      | Killed Jeremiah
  5988 | D:7      | Reached XP level 10. HP: 54/67 MP: 17/17
  6103 | D:7      | Reached skill level 5 in Short Blades
  6103 | D:7      | Reached skill level 5 in Long Blades
  6103 | D:7      | Reached skill level 5 in Axes
  6103 | D:7      | Reached skill level 5 in Maces & Flails
  6103 | D:7      | Reached skill level 5 in Polearms
  6103 | D:7      | Reached skill level 5 in Staves
  6103 | D:7      | Reached skill level 5 in Ranged Weapons
  6103 | D:7      | Reached skill level 5 in Throwing
  6103 | D:7      | Reached skill level 5 in Armour
  6103 | D:7      | Reached skill level 5 in Stealth
  6103 | D:7      | Reached skill level 5 in Shields
  6103 | D:7      | Reached skill level 5 in Spellcasting
  6103 | D:7      | Reached skill level 5 in Evocations
  6189 | D:7      | Noticed a kobold demonologist
  6189 | D:7      | Noticed a cyclops
  6189 | D:7      | Noticed a cyclops
  6191 | D:7      | Noticed a smoke demon
  6195 | D:7      | Noticed a cyan ugly thing
  6195 | D:7      | Noticed a rust devil
  6196 | D:7      | Noticed a manticore
  6196 | D:7      | Killed a cyclops
  6286 | D:8      | Found a flagged portal.
  6288 | D:8      | Found an ornate altar of the Wu Jian Council.
  6304 | Bailey   | Entered a bailey
  6304 | Bailey   | Reached *** piety under Hepliaklqana
  6818 | Bailey   | Found the +8 frozen axe "Frostbite" {freeze, freezing
                  | cloud, *Noise Fly rC+}
  7110 | Bailey   | Reached skill level 5 in Conjurations
  7110 | Bailey   | Reached skill level 5 in Hexes
  7110 | Bailey   | Reached skill level 5 in Summonings
  7110 | Bailey   | Reached skill level 5 in Necromancy
  7110 | Bailey   | Reached skill level 5 in Translocations
  7110 | Bailey   | Reached skill level 5 in Transmutations
  7110 | Bailey   | Reached skill level 5 in Fire Magic
  7110 | Bailey   | Reached skill level 5 in Ice Magic
  7110 | Bailey   | Reached skill level 5 in Air Magic
  7110 | Bailey   | Reached skill level 5 in Earth Magic
  7110 | Bailey   | Reached skill level 5 in Poison Magic
  7110 | Bailey   | Reached XP level 11. HP: 75/75 MP: 18/21
  7650 | D:8      | Found a white marble altar of Elyvilon.
  7992 | D:8      | Reached XP level 12. HP: 67/81 MP: 22/22
  8722 | D:9      | Found a sparkling altar of Nemelex Xobeh.
  9005 | D:9      | Identified the +8 mace "Lashits" {holy, rC++ Will+ Int+2}
  9070 | D:9      | Noticed a two-headed ogre
  9079 | D:9      | Killed a two-headed ogre
  9132 | D:9      | Found a staircase to the Orcish Mines.
  9136 | D:9      | Reached **** piety under Hepliaklqana
  9271 | D:9      | Found a broken altar of Ashenzari.
  9723 | D:10     | Entered Level 10 of the Dungeon
  9780 | D:10     | Reached skill level 10 in Unarmed Combat
 11261 | D:7      | Identified the ring of Oguomn {+Blink Int+6 Slay+2}
 11334 | D:7      | Found Pigafrokk's Antique Weapon Boutique.
 12064 | D:11     | Noticed Harold
 12110 | D:11     | Killed Harold
 12111 | D:11     | Reached XP level 13. HP: 63/89 MP: 24/24
 12284 | D:11     | Noticed Sonja
 12295 | D:11     | Killed Sonja
 12486 | D:11     | Reached skill level 10 in Shapeshifting
 12515 | D:11     | Found a staircase to the Lair.
 12570 | Lair:1   | Entered Level 1 of the Lair of Beasts
 12813 | Lair:1   | Noticed Erica
 12829 | Lair:1   | Killed Erica
 13914 | Lair:2   | Reached ***** piety under Hepliaklqana
 14106 | Lair:2   | Noticed Urug
 14542 | Lair:2   | Killed Urug
 14658 | Lair:2   | Found a hole to the Spider Nest.
 14688 | Lair:1   | Slain by a demonic crawler

Illustrated notes

Levels and vault maps discovered:
D:1:      minmay_arrival_stone_box, layout_loops_ring, serial_bayou,
          serial_bayou_lagoon_a, serial_bayou_pond_e, serial_bayou_crossing,
          serial_bayou_ford_a
D:2:      wad_woods_settlement, layout_basic, serial_shops, shop
D:3:      layout_basic, shapermc_ecumenical_altar_notcrosses, uniq_natasha,
          uniq_robin
D:4:      layout_basic, serial_shops, nicolae_shop_trees, uniq_pikel,
          uniq_edmund, uniq_eustachio
D:5:      layout_loops_ring, led_sif_pool, minmay_temple_entry_mini_moons
D:6:      layout_loops_cross, yredelemnul_altar_generic, serial_shops, shop,
          kennysheep_small_square
D:7:      nzn_winding_woodlands_cross [nzn_winding_woodlands_5x15_crooked,
          nzn_winding_woodlands_5x15_pool, nzn_winding_woodlands_5x15_cabin,
          nzn_winding_woodlands_5x15_lazy_stream,
          nzn_winding_woodlands_15x15_killbox], layout_basic, serial_shops,
          shop, uniq_jeremiah
D:8:      layout_loops_corners, elyvilon_altar_5, mainiacjoe_overflow_brackets,
          enter_bailey_6
D:9:      layout_long_grid, nemelex_diamond_rough_becter, old_standard_altar,
          grunt_ministairs_6
D:10:     layout_cross, serial_column_ruins, column_ruins_columns_corner,
          column_ruins_corridor_straight, column_ruins_open_small,
          column_ruins_open_medium
D:11:     layout_basic, lair_entry_dummy, uniq_amaemon, uniq_psyche,
          uniq_harold, uniq_sonja
Lair:1:   statuecave_lemuel, layout_small_grid, serial_bayou_pond_e,
          patterned_corridor, lemuel_fruit_fields, uniq_erica
Lair:2:   layout_layer_cave, minmay_shoals_entry_lonely_mermaid,
          nicolae_spider_entry_non_spiders, uniq_urug

Skill      XL: |  1  2  3  4  5  6  7  8  9 10 11 12 13 |
---------------+----------------------------------------+-----
Invocations    | 1 2 3 4 5 7 8 9 |  9.6
Short Blades   | 1 2 3 4 6 7 8 |  8.8
Long Blades    | 1 2 3 4 6 7 8 |  8.8
Axes           | 1 2 3 4 6 7 8 |  8.8
Maces & Flails | 1 2 3 4 6 7 8 |  8.8
Polearms       | 1 2 3 4 6 7 8 |  8.8
Staves         | 1 2 3 4 6 7 8 |  8.8
Ranged Weapons | 1 2 3 4 6 7 8 |  8.8
Throwing       | 1 2 3 4 6 7 8 |  8.8
Armour         | 1 2 3 4 6 7 8 |  8.8
Stealth        | 1 2 3 4 6 7 8 |  8.8
Shields        | 1 2 3 4 6 7 8 |  8.8
Spellcasting   | 1 2 3 4 6 7 8 |  8.8
Evocations     | 1 2 3 4 6 7 8 |  8.8
Conjurations   | 1 2 3 4 5 6 7 |  7.3
Hexes          | 1 2 3 4 5 6 7 |  7.3
Summonings     | 1 2 3 4 5 6 7 |  7.3
Necromancy     | 1 2 3 4 5 6 7 |  7.3
Translocations | 1 2 3 4 5 6 7 |  7.3
Transmutations | 1 2 3 4 5 6 7 |  7.3
Fire Magic     | 1 2 3 4 5 6 7 |  7.3
Ice Magic      | 1 2 3 4 5 6 7 |  7.3
Air Magic      | 1 2 3 4 5 6 7 |  7.3
Earth Magic    | 1 2 3 4 5 6 7 |  7.3
Poison Magic   | 1 2 3 4 5 6 7 |  7.3
Fighting       | 3 4 5 7 8 9 |  9.2
Dodging        | 5 6 8 9 |  9.9
Unarmed Combat | 7 8 9 10 | 10.9
Shapeshifting  | 7 8 9 10 | 10.4

Action                     |  1- 3 |  4- 6 |  7- 9 | 10-12 | 13-15 || total
---------------------------+-------+-------+-------+-------+-------++-------
  Melee: Unarmed           |    74 |    86 |   359 |    71 |       ||   590
         Bite              |    11 |     5 |    50 |    47 |    15 ||   128
         Punch             |       |     1 |       |       |     1 ||     2
         Executioner's axe |       |       |       |   224 |   129 ||   353
         Mace              |       |       |       |       |     6 ||     6
 Invoke: Ancestor Identity |       |       |     1 |       |       ||     1
         Ancestor Life: He |       |       |     1 |       |       ||     1
         Recall Ancestor   |       |       |       |     1 |     2 ||     3
Ability: Evoke Blink       |       |       |       |       |     2 ||     2
    Use: Scroll            |       |     2 |       |     2 |       ||     4
         Potion            |       |     1 |       |     3 |     2 ||     6
   Stab: Confused          |       |       |     2 |     6 |     4 ||    12
         Distracted        |       |       |     1 |     6 |     2 ||     9
 Armour: Animal skin       |    31 |    11 |       |       |       ||    42
         Skin              |       |    24 |       |       |       ||    24
         Chain mail        |       |    18 |   244 |       |       ||   262
         Ring mail         |       |     4 |       |       |       ||     4
         Plate armour      |       |       |    21 |   333 |   172 ||   526
  Dodge: Dodged            |    37 |    33 |   139 |   290 |    95 ||   594
  Block: Other             |       |       |       |       |    15 ||    15
   Form: Flux              |     1 |       |       |       |       ||     1
                           |       |       |       |     1 |       ||     1

Table legend: (Time is in decaauts)
 A = Elapsed time spent in this place.
 B = Non-inter-level travel time spent in this place.
 C = Inter-level travel time spent in this place.
 D = Time resting spent in this place.
 E = Time spent auto-exploring this place.
 F = Levels seen in this place.
 G = Mean time per level.
                   A        B        C        D        E       F      G
               +--------+--------+--------+--------+--------+-----+--------+
         Total |  14834 |  14076 |    758 |    831 |  10265 |  14 | 1059.6 |
       Dungeon |  11642 |  10930 |    712 |    572 |   8387 |  11 | 1058.4 |
          Lair |   2014 |   1968 |     46 |    188 |   1430 |   2 | 1007.0 |
        Bailey |   1178 |   1178 |      0 |     71 |    448 |   1 | 1178.0 |
               +--------+--------+--------+--------+--------+-----+--------+

Top non-repeatable levels by time:
     D:7: 1664 daAuts
  Lair:1: 1410 daAuts
     D:8: 1269 daAuts
  Bailey: 1178 daAuts
     D:4: 1164 daAuts
     D:9: 1119 daAuts
     D:5: 1118 daAuts
     D:2: 1036 daAuts
    D:10: 1003 daAuts
    D:11: 907 daAuts
     D:1: 826 daAuts
     D:6: 770 daAuts
     D:3: 761 daAuts
  Lair:2: 604 daAuts
